 Dungeon Crawl Stone Soup version 0.30-a0-989-g0d87f670db (webtiles) character file.

Game seed: 1112735843132764994

1 Antologik the Grasshopper (level 1, 17/17 HPs)
             Began as a Draconian Warper on Apr 3, 2023.
             Got out of the dungeon alive.
             The game lasted 00:01:12 (35 turns).

Antologik the Grasshopper (Draconian Warper)          Turns: 35, Time: 00:01:13

Health: 17/17      AC:  4    Str: 13    XL:     1   Next: 16%
Magic:  3/3        EV: 12    Int: 13    God:
Gold:   0          SH:  0    Dex: 10    Spells: 4/4 levels left

rFire   . . .      SeeInvis .    a - +0 short sword
rCold   . . .      Faith    .    (no shield)
rNeg    . . .      Spirit   .    (body armour unavailable)
rPois   .          Reflect  .    (helmet restricted)
rElec   .          Rampage  .    (no cloak)
rCorr   .                        (no gloves)
Will    .....                    (no boots)
Stlth   +                        (no amulet)
HPRegen 0.22/turn                (no ring)
MPRegen 0.08/turn                (no ring)

@: no status effects
A: AC +4, unfitting armour, cold-blooded
a: no special abilities


You escaped.
You visited 1 branch of the dungeon, and saw 1 of its levels.

Inventory:

Hand Weapons
 a - a +0 short sword (weapon)
Missiles
 c - 5 boomerangs of dispersal (quivered)
Scrolls
 b - a scroll of blinking


   Skills:
 + Level 2.1 Fighting
 + Level 2.0 Short Blades
 + Level 0.8 Throwing
 + Level 2.1 Dodging
 + Level 2.1 Spellcasting
 + Level 3.0 Translocations


You had 4 spell levels left.
You didn't know any spells.
Your spell library contained the following spells:

 Spells                   Type           Power      Damage    Failure   Level
 Blink                    Tloc           18%        N/A       11%         2
 Lesser Beckoning         Tloc           18%        N/A       11%         2
 Teleport Other           Tloc           9%         N/A       22%         3
 Vhi's Electric Charge    Tloc/Air       10%        N/A       38%         3
 Manifold Assault         Tloc           9%         N/A       58%         4


Dungeon Overview and Level Annotations

Branches:
Dungeon (1/15)

Altars:


Innate Abilities, Weirdness & Mutations

Your plain brown scales are hard. (AC +4)
You cannot fit into any form of body armour.
You are cold-blooded and may be slowed by cold attacks.


Message History

Welcome, Antologik the Draconian Warper.
It's a long, long way down to the Orb of Zot, but that shouldn't be any trouble.
Press ? for a list of commands and other information.
Found a staircase leading out of the dungeon.
You don't know any spells.
Found a robe.
You see here a +0 robe.
An endoplasm comes into view.
The endoplasm quivers.
You aren't carrying any potions.
You aren't carrying any potions.
Okay, then.
Okay, then.
You throw a boomerang of dispersal.
The boomerang of dispersal barely misses the endoplasm.
You throw a boomerang of dispersal.
The boomerang of dispersal hits the endoplasm and shatters for extra damage!
The endoplasm blinks!
You kill the endoplasm!
There is a staircase leading out of the dungeon here.
Are you sure you want to leave the Dungeon?
This will make you lose the game! [Y]es or [N]o only, please.
Are you sure you want to leave the Dungeon?
This will make you lose the game!
Alright, then stay!
Are you sure you want to leave the Dungeon?
This will make you lose the game!
You have escaped!

#.########.....~~≈
##...........##..P~
#.......♣....# ..
♣......♣.....#
#PP♣....P.....♣..#
#.♣♣♣.P...P......#
#................#
#..♣.P.....P.....#
#.......@........#
#..P.P.....P..♣..#
#..♣.............#
#...P.P...P......#
...♣...P.......#
....P.P..♣.....#
.....P....♣....
#......♣. ...#


There were no monsters in sight!

Vanquished Creatures
  An endoplasm (D:1)
1 creature vanquished.

Notes
Turn   | Place    | Note
-------+----------+-------------------------------------------
     0 | D:1      | Antologik the Draconian Warper began the quest for the Orb.
     0 | D:1      | Reached XP level 1. HP: 17/17 MP: 3/3
    35 | D:$      | Got out of the dungeon alive.

Illustrated notes

Levels and vault maps discovered:
D:1:      wander_arrival_fairy_ring, layout_loops_ring,
          amcnicky_mini_corridor_feature, chequers_big_river

Action                     || total
---------------------------++-------
  Throw: Boomerang         ||     2

Table legend: (Time is in decaauts)
 A = Elapsed time spent in this place.
 B = Non-inter-level travel time spent in this place.
 C = Inter-level travel time spent in this place.
 D = Time resting spent in this place.
 E = Time spent auto-exploring this place.
 F = Levels seen in this place.
 G = Mean time per level.
                   A        B        C        D        E       F      G
               +--------+--------+--------+--------+--------+-----+--------+
         Total |     35 |      8 |     27 |      0 |      0 |   1 |   35.0 |
       Dungeon |     35 |      8 |     27 |      0 |      0 |   1 |   35.0 |
               +--------+--------+--------+--------+--------+-----+--------+

Top non-repeatable levels by time:
     D:1: 35 daAuts
